Cogmind - Beta 15 @@@ ROGUE MODE // 2025.05.18 @ 21:15:21 Player: Palikka Result: Destroyed by 9E-VQY(R) with Subdweller Beam Cannon Performance ------------- Evolutions (0) 0 Regions Visited (2) 400 Robots Destroyed (17) 85 Value Destroyed (245) 245 Prototype IDs (1) 20 Alien Tech Used (0) 0 Bonus (0) 0 TOTAL SCORE: 750 Bonus ------- None Cogmind --------- Core Integrity 0/250 Matter 224/300 Energy 149/280 System Corruption 0% Temperature Cool (20) Movement Rolling (120) Ox1 Location -10/Subcaves Parts ------- > --- POWER (1) -------- Cooled Ion Engine > --- PROPULSION (2) --- Subdweller Monowheel > --- UTILITY (2) ------ Large Storage Unit > --- WEAPON (2) ------- (None) > --- INVENTORY (15) --- Subdweller Power Source Subdweller Monowheel Heat Sink Disposable Heat Sink Subdweller Laser Heavy Assault Rifle Heavy Assault Rifle Heavy Assault Rifle Grenade Launcher Grenade Launcher Subdweller Shrapnel Launcher Mining Laser Peak State ------------ > --- POWER ------------ Cooled Ion Engine > --- PROPULSION ------- Light Treads Light Treads > --- UTILITY ---------- Large Storage Unit Seismic Detector > --- WEAPON ----------- Heavy Assault Rifle Heavy Assault Rifle > --- INVENTORY -------- Cooled Ion Engine Subdweller Power Source Wheel Heat Sink Disposable Heat Sink Visual Processing Unit Light Assault Rifle Heavy Assault Rifle Heavy Assault Rifle Light Cannon Battle Cannon Grenade Launcher Grenade Launcher Mining Laser [Rating: 13] Favorites ----------- Power Cooled Ion Engine Engine Cooled Ion Engine Propulsion Light Treads Treads Light Treads Wheel Compact Wheel Utility Seismic Detector Device Seismic Detector Storage Large Storage Unit Weapon Heavy Assault Rifle Energy Gun Medium Laser Energy Cannon Subdweller Beam Cannon Ballistic Gun Heavy Assault Rifle Ballistic Cannon Battle Cannon Build | -11 -10 -10 ------- Run | Yrd Mat Sub Slots Evolved . | . . . Power . | . . . Propulsion . | . . . Utility . | . . . Weapon . | . . . Parts Attached 19 | 8 6 5 Power 3 | 1 1 1 Engine 3 | 1 1 1 Core . | . . . Reactor . | . . . Propulsion 5 | 2 1 2 Treads 3 | 1 1 1 Leg . | . . . Wheel 2 | 1 . 1 Hover . | . . . Flight . | . . . Utility 4 | 2 2 . Device 2 | 1 1 . Storage 2 | 1 1 . Processor . | . . . Hackware . | . . . Protection . | . . . Artifact . | . . . Weapon 7 | 3 2 2 Energy Gun 2 | 2 . . Energy Cannon 1 | . . 1 Ballistic Gun 3 | 1 2 . Ballistic Cannon 1 | . . 1 Launcher . | . . . Special Weapon . | . . . Impact Weapon . | . . . Slashing Weapon . | . . . Piercing Weapon . | . . . Special Melee Weapon . | . . . Unidentified Prototypes 1 | . 1 . Parts Lost 8 | . . 8 Power 1 | . . 1 Propulsion 3 | . . 3 Utility 1 | . . 1 Weapon 3 | . . 3 Highest Loss Streak 7 | . . 7 To Critical Strikes . | . . . Average Backups 12 | 5 9 14 Power 1 | . 1 1 Propulsion 2 | 3 2 2 Utility 1 | . 1 2 Weapon 6 | 1 5 8 Tool/Special . | . . . Unused Backups 18 | . 4 14 Power 2 | . 1 1 Propulsion 5 | . 3 2 Utility 3 | . . 3 Weapon 8 | . . 8 Tool/Special . | . . . Average Slot Usage (%) 99 | . 100 98 Engine 14 | . 14 14 Treads 25 | . 23 27 Wheel 1 | . 4 . Device 13 | . 14 13 Storage 14 | . 14 14 Ballistic Gun 20 | . 27 17 Ballistic Cannon 6 | . . 10 Peak Build Rating 13 | 7 12 13 Average Rating 11 | 5 11 12 On Entrance 6 | . 7 12 Naked Turns . | . . . Heaviest Build 35 | 14 35 35 Greatest Support 40 | 16 40 40 Greatest Overweight (x) 1 | . 1 1 Average Overweight (x) . | . . . Largest Inventory Capacity 15 | 8 15 15 Average Capacity 13 | 7 12 15 Most Carried 15 | 8 12 15 Average Carried 12 | 6 9 14 Final Capacity 15 | 8 15 15 Final Carried 12 | 8 12 12 Class Distribution -------------------- 100% | Mutant Dominant Class ---------------- Mutant | -10/Materials Mutant | -10/Subcaves Resources | -11 -10 -10 ----------- Run | Yrd Mat Sub Matter Collected 583 | 295 164 124 Remotely . | . . . Salvage Created 381 | 138 169 74 Parts 29 | 8 18 3 Haulers Intercepted 1 | . 1 . Recyclers Shooed . | . . . Parts Field Recycled . | . . . Retrieved Matter . | . . . Parts Self-Destructed . | . . . Prevented . | . . . Kills | -11 -10 -10 ------- Run | Yrd Mat Sub Combat Hostiles Destroyed 8 | . 6 2 Guns 8 | . 6 2 Classes Destroyed 6 | 2 3 1 Tunneler 5 | 4 1 . Hauler 1 | . 1 . Recycler 1 | 1 . . Watcher 2 | . 2 . Swarmer 6 | . 6 . Subdweller 2 | . . 2 Best Kill Streak 5 | 2 5 1 Combat Bots Only 3 | . 3 1 Max Kills in Single Turn 2 | 1 2 1 Gunslinging . | . . . Exploded . | . . . Melee . | . . . Uniques/NPCs Destroyed . | . . . Combat | -11 -10 -10 -------- Run | Yrd Mat Sub Hostile Shots Fired 83 | . 25 58 Missed 14 | . 2 12 Hits 69 | . 23 46 Projectile 69 | . 23 46 AOE 5 | . . 5 Critical Strikes 3 | . 2 1 Damage Taken 1455 | . 173 1282 Core 261 | . 30 231 Absorbed by Shields . | . . . Core Remaining (%) 100 | 100 . . Volleys Fired 68 | 15 21 32 Largest 2 | 2 2 2 Hottest 113 | 70 46 113 Shots Fired 121 | 30 42 49 Gun 98 | 30 42 26 Cannon 23 | . . 23 Launcher . | . . . Special . | . . . Kinetic 101 | 15 42 44 Thermal 20 | 15 . 5 Explosive . | . . . Electromagnetic . | . . . Robot Hit Streak 10 | 6 6 10 Robot Miss Streak 4 | 2 4 3 Penetration Max . | . . . Secondary Targets 1 | . 1 . Max Gunslinging Chain 1 | . 1 . Shots Hit Robots 69 | 19 21 29 Core Hits 25 | 8 10 7 Critical Kills . | . . . Critical Parts Destroyed . | . . . Critical Strikes 2 | . . 2 Destroy 1 | . . 1 Blast 1 | . . 1 Melee Attacks . | . . . Impact . | . . . Slashing . | . . . Piercing . | . . . Sneak Attacks . | . . . Combat Hostiles . | . . . Follow-up Attacks . | . . . Damage Inflicted 1028 | 201 416 411 Guns 711 | 201 311 199 Cannons 212 | . . 212 Explosions 105 | . 105 . Melee . | . . . Ramming . | . . . Kinetic 661 | 77 311 273 Thermal 367 | 124 105 138 Explosive . | . . . Electromagnetic . | . . . Impact . | . . . Slashing . | . . . Piercing . | . . . Highest Corruption . | . . . Average Corruption . | . . . Corruption Purged . | . . . Corruption Blocked . | . . . Overload Shots . | . . . Overflow Damage 29 | . 29 . Projectiles . | . . . Explosions 29 | . 29 . Melee . | . . . Knockbacks 1 | . . 1 Impact . | . . . Kinetic 1 | . . 1 Secondary . | . . . Self-Inflicted Damage . | . . . Shots . | . . . Rammed . | . . . Targets Rammed . | . . . Kicked . | . . . Crushed . | . . . Highest Temperature 70 | 70 . 46 Average Temperature 29 | 30 . 26 Received Heat Transfer 237 | . . 237 Siege Activations . | . . . Martial Activations . | . . . Shielding Activations . | . . . Robots Disrupted . | . . . Combat Hostiles . | . . . Robots Corrupted . | . . . Combat Hostiles . | . . . Parts Fried . | . . . Impact Corruptions . | . . . Robots Melted . | . . . Combat Hostiles . | . . . Parts Melted 3 | 3 . . Heat Transferred 655 | 370 100 185 Parts Sabotaged . | . . . Parts Stolen . | . . . Parts Stripped . | . . . Power Chain Reactions . | . . . Alert | -11 -10 -10 ------- Run | Yrd Mat Sub Maximum Alert Level . | . . . Low Security (%) 100 | 100 100 . Level 1 . | . . . Level 2 . | . . . Level 3 . | . . . Level 4 . | . . . Level 5 . | . . . High Security . | . . . Max Security . | . . . Peak Influence 138 | 5 138 . Initial . | . . . Average 23 | . 28 . Influence Increases 270 | 25 245 . Destroy 0b10 Robot/C 120 | . 120 . Destroy 0b10 Robot/NC 45 | 25 20 . Destroy Leader 26 | . 26 . Successful Hack 15 | . 15 . Disable Machine 45 | . 45 . Destroy Structure 19 | . 19 . Influence Decreases 270 | 25 160 85 Entered New Map 41 | . . 41 Time Decay 229 | 25 160 44 Squads Dispatched 1 | . 1 . Investigation . | . . . Extermination . | . . . Reinforcement 1 | . 1 . Assault . | . . . Garrison . | . . . Intercept . | . . . Searches Triggered . | . . . Construction Impeded . | . . . Haulers Reinforced . | . . . Active Scanning Responses . | . . . Cargo Convoy Interrupts . | . . . Stealth | -11 -10 -10 --------- Run | Yrd Mat Sub Distress Signals . | . . . Communications Jammed . | . . . Distress Signals . | . . . Times Spotted 22 | . 14 8 Peak Tracking Total 5 | . 4 5 Tactical Retreats . | . . . Traps | -11 -10 -10 ------- Run | Yrd Mat Sub Traps Triggered . | . . . Indirectly . | . . . Trap Hack Attempts . | . . . Triggered . | . . . Disarmed . | . . . Reprogrammed . | . . . Reused . | . . . Traps Extracted . | . . . Installed . | . . . Triggered . | . . . Machines | -11 -10 -10 ---------- Run | Yrd Mat Sub Machines Disabled 3 | . 3 . Max in Single Turn 3 | . 3 . Machines Repaired . | . . . Machines Dismantled . | . . . Machines Sabotaged . | . . . Overloaded Fab Kills . | . . . Hacking | -11 -10 -10 --------- Run | Yrd Mat Sub Machines Accessed 5 | . 5 . Terminals 5 | . 5 . Fabricators . | . . . Repair Stations . | . . . Recycling Units . | . . . Scanalyzers . | . . . Garrison Access . | . . . Total Hacks 15 | . 15 . Successful 12 | . 12 . Failed 3 | . 3 . Catastrophic . | . . . Database Lockouts . | . . . Manual 5 | . 5 . Terminals 15 | . 15 . Fabricators . | . . . Repair Stations . | . . . Recycling Units . | . . . Scanalyzers . | . . . Garrison Access . | . . . Terminal Hacks 9 | . 9 . Robot Analysis 1 | . 1 . Emergency Access Points 2 | . 2 . Alert Level 1 | . 1 . Locate Traps 3 | . 3 . Registered Components 1 | . 1 . Zone Layout 1 | . 1 . Fabricator Hacks . | . . . Repair Station Hacks . | . . . Recycling Unit Hacks . | . . . Scanalyzer . | . . . Garrison Access Hacks . | . . . Unauthorized Hacks 3 | . 3 . Terminals 3 | . 3 . Track 1 | . 1 . Botnet 2 | . 2 . Fabricators . | . . . Repair Stations . | . . . Recycling Units . | . . . Scanalyzers . | . . . Garrison Access . | . . . Data Cores Recovered . | . . . Used . | . . . Hacking Detections 4 | . 4 . Full Trace Events . | . . . Feedback Events . | . . . Feedback Blocked . | . . . Robot Schematics Acquired . | . . . Robots Built . | . . . Authchips . | . . . Time . | . . . Total Robot Build Rating . | . . . Part Schematics Acquired . | . . . Parts Built . | . . . Authchips . | . . . Time . | . . . Total Part Build Rating . | . . . Parts Repaired . | . . . Time . | . . . Parts Recycled . | . . . Recycled Matter . | . . . Retrieved Matter . | . . . Retrieved Components . | . . . Parts Scanalyzed . | . . . Part Schematics Acquired . | . . . Parts Damaged . | . . . Bothacking | -11 -10 -10 ------------ Run | Yrd Mat Sub Used RIF Installer . | . . . Robots Hacked . | . . . Non-combat . | . . . Combat . | . . . Robot Hacks Applied . | . . . Relay Couplers Released . | . . . Fabnet Peak Effective % . | . . . Robots Rewired . | . . . Allies Hacked . | . . . Hacks Repelled . | . . . Allies | -11 -10 -10 -------- Run | Yrd Mat Sub Total Allies . | . . . Largest Group . | . . . Highest-Rated Group . | . . . Highest-Rated Ally . | . . . Total Orders . | . . . Ally Attacks . | . . . Total Damage . | . . . Kills . | . . . Allies Corrupted . | . . . Allies Melted . | . . . Intel | -11 -10 -10 ------- Run | Yrd Mat Sub Active Infowar (turns) 2295 | 56 770 1469 Seismic 2295 | 56 770 1469 Robot Analysis Total 1 | . 1 . Derelict Logs Recovered . | . . . Drone Launches . | . . . Drone Recoveries . | . . . Exploration | -11 -10 -10 ------------- Run | Yrd Mat Sub Turns Passed 2451 | 187 770 1494 Spaces Moved 1447 | 127 468 852 Core 2 | 2 . . Treads 1185 | . 334 851 Legs . | . . . Wheels 260 | 125 134 1 Hover . | . . . Flight . | . . . Fastest Speed 50 | 50 100 120 Average Speed 150 | 99 146 160 Slowest Speed 240 | 100 160 240 Overloaded Moves . | . . . Propulsion Burnouts . | . . . Robots Hopped . | . . . Potential Cave-ins . | . . . Cave-ins Triggered . | . . . Exploration Rate (%) 40 | 7 83 31 Regions Visited 2 Branch Regions 1 Pre-discovered Areas . | . . . Known Exits Taken . | . . . Unknown Exits Taken 2 | 1 1 . Scrap Searched 2 | . . 2 Spaces Dug . | . . . Terrain Destroyed 21 | . 20 1 Melee . | . . . Projectile 1 | . . 1 AOE 20 | . 20 . Terrain Rammed . | . . . Walls Destroyed . | . . . Machines Disabled . | . . . Actions | -11 -10 -10 --------- Run | Yrd Mat Sub Total 1602 | 157 515 930 Wait 30 | . 1 29 Move 1445 | 126 467 852 Hop . | . . . Pick Up 24 | 7 9 8 Fast Attach 11 | 8 3 . Attach 4 | . . 4 Detach 1 | 1 . . Swap 4 | . 3 1 Drop 15 | . 11 4 Fire 68 | 15 21 32 Melee . | . . . Ram . | . . . Kick . | . . . Crush . | . . . Escape Stasis . | . . . Rewire . | . . . Trap . | . . . Miscellaneous . | . . . Route ------- -11/Scrapyard -10/Materials (discovered 5 exits: [*Mat x3] / [*Min] / [*Sub]) -10/Subcaves (discovered 1 exit: [*Scr]) History --------- Turn | Location | Event 20 | -11/Scrapyard | Discovered new exit (range 15) 188 | -11/Scrapyard | Entered Materials 315 | -10/Materials | Build established: Mutant 378 | -10/Materials | Discovered new exit (range 10) 545 | -10/Materials | Discovered new exit (range 14) 713 | -10/Materials | Discovered new exit (range 6) 790 | -10/Materials | Discovered new exit (range 5) 944 | -10/Materials | Discovered new exit (range 10) 958 | -10/Materials | Entered Subcaves 959 | -10/Subcaves | Approached by a straggling Scientist 1286 | -10/Subcaves | A swath of the cavern ceiling suddenly collapsed 2091 | -10/Subcaves | Scientist uncovered a shortcut to Scraptown 2432 | -10/Subcaves | Ambushed by Subdweller buried in earth 2432 | -10/Subcaves | Ambushed by Subdweller buried in earth 2433 | -10/Subcaves | Core integrity fell below 50% 2439 | -10/Subcaves | Ambushed by Subdweller buried in earth 2452 | -10/Subcaves | Destroyed by 9E-VQY(R) with Subdweller Beam Cannon Last Messages --------------- IK-0GD(c): "I think it's somewhere south of here" IK-0GD(c): "I think it's somewhere southeast of here" IK-0GD(c): "We're getting close, I can feel it." 02091_ IK-0GD(c): "Hah, right again, there it is!" 02099_ IK-0GD(c) exits level. 02427_ Seismic Detector destroyed. 02432_ Subatomizers dissect the Sub. Laser. 02433_ NX-5TL(R): "ARGHSUB!" 02433_ 9E-VQY(R): "ARGHSUB!" 02434_ Hvy. Assault Rifle destroyed. 02436_ Lgt. Treads destroyed. 02438_ Cld. Ion Engine destroyed. 02440_ WF-2JL(R): "ARGHSUB!" 02442_ 9E-VQY(R) Sub. Monowheel blasted off. 02442_ 9E-VQY(R) knocked back. 02444_ Battle Cannon destroyed. 02445_ Subatomizers dissect the Sub. Laser. 02448_ Lgt. Treads destroyed. 02448_ 09-IV1(R) affixes Scrap Shield Fragment to Scrap Shield. 02449_ Sub. Beam Cannon destroyed. Map ----- +----------------------------------------------------+ | ?????????????????????????????????????????????????? | | ?????????????????????????????????????????????????? | | ?????????????????????????????????????????????????? | | ?????????????????????????????????????????????????? | | ?????????????????????????????????????????????????? | | ?????????????????????????????????????????????????? | | ?????????????????????????????????????????????????? | | ?????????????????????????????????????????????????? | | ?????????????????????????????????????????????????? | | ?????????????????????????????????????????????????? | | ?????????????????????????????????????????????????? | | ?????????????????????????????????????????????????? | | ?????????????????????????????????????????????????? | | ?????????????????????????????????????????????????? | | ?????????????????????????????????????????????????? | | ?????????????????????????????????????????????#???? | | ?????????????????#????????????????????#####? ###?? | | ???????????####?## ??????????????????## # #? | | ???????????? ? ??????############ ?? | | ?????????????? ??### # # # ???? | | ???????????????? ### # ##??##??#? | | ?????????????????? R#; ; ## # #? | | ??????????? ????#; R ; ### #?? | | ????????? #; = ;#?# #?? | | ????????? R R% #??# #######?? | | ????????? % @R ;#??# ## ######## | | ????????? [ #??# #### ## | | ?????????? ;; #??###??## | | ?????????? ### # # #????????## | | ???????????# ??#######?#?????????####### | | ???????????# ; ??????????????????????????## | | ??????????? ## #???????????????????????????# | | ???????????? ??# ????????????????????????????# | | ???????????????# ?????????????????????????????# | | ??????????????? ??????????????????????????????## | | ?????????????? ????????????????????????????????# | | ???????????????????????????????????????????????# | | ???????????????????????????????????????????????# | | ??????????????????????????????????????????????## | | ??????????????????????????????????????????????# | | ??????????????????????????????????????????????## | | ???????????????????????????????????????????????## | | ????????????????????????????????????????????##### | | ??????????????????????????????????????????### | | ??????????????????????????????????????????# | | ?????????????????????????????????????????# | | ?????????????????????????????????????????## ## | | ??????????????????????????????????????????######## | | ???????????????????????????????????????????????# # | | ??????????????????????????????????????????????## | +----------------------------------------------------+ Best States ------------- Heat Dissipation 25 Energy Generation 14 Energy Capacity 280 Matter Stores 300 Matter Capacity 300 Sight Range 16 Terrain Scan Density 10 Evasion (%) 40 Recoil Reduction 2 Item Schematics ----------------- None Robot Schematics ------------------ None Fabricated ------------ Nothing Repaired ---------- Nothing Alien Tech Used ----------------- None Achievements -------------- None Challenges ------------ None Game ------ Seed AerolevArcAutopenetrator Manual? 0 Play Time 00:16:25 Cumulative 376.2 hours Start 2025.05.18 @ 21:01:13 End 2025.05.18 @ 21:15:21 Sessions 1 Manual Loads 0 Difficulty Rogue Special Mode None Game No. 444 Rogue 444 Adventurer 0 Explorer 0 Win Type - Total 37 Types 27/0/7/3/0/0/0/0/0/0 Lore% 67 Gallery% 69 Achievement% 61 Wizard Run 0 Options --------- Layout 0 ASCII 0 Keyboard 1 Movement Numpad Keybinds 0 Fullscreen 1 Font 24/Smallcaps Map View 76x50 Zoom Use 0% Tactical HUD 1 Map Filters NONE Filters NONE Steam 1 RUN: af8aa5f1-f322-466f-905b-c4186118e480